 Dungeon Crawl Stone Soup version 0.30-a0-862-g1aabd4f9c5 (webtiles) character file.

Game seed: 5953596504713829818

1045 lambentLogic the Covert (level 8, 0/49 HPs)
             Began as a Kobold Enchanter on Mar 8, 2023.
             Slain by Duvessa
             ... wielding a +1 short sword of flaming
              (3 damage)
             ... on level 4 of the Dungeon.
             The game lasted 00:12:32 (4369 turns).

lambentLogic the Covert (Kobold Enchanter)          Turns: 4369, Time: 00:12:33

Health: 0/49       AC:  5    Str:  6    XL:     8   Next: 50%
Magic:  0/16       EV: 17    Int: 18    God:
Gold:   43         SH:  0    Dex: 15    Spells: 7/18 levels left

rFire   . . .      SeeInvis .    f - +3 dagger
rCold   . . .      Faith    .    (no shield)
rNeg    . . .      Spirit   .    b - +0 robe
rPois   .          Reflect  .    c - +0 helmet
rElec   .          Rampage  .    (no cloak)
rCorr   .                        p - +0 pair of gloves
Will    .....                    e - +0 pair of boots
Stlth   ++++++                   (no amulet)
HPRegen 0.28/turn                (no ring)
MPRegen 0.15/turn                (no ring)

@: brilliant, very slightly contaminated
A: small, no large weapons, nightstalker 3
a: no special abilities


You were on level 4 of the Dungeon.
You visited 1 branch of the dungeon, and saw 4 of its levels.
You also visited: Sewer.

You collected 204 gold pieces.
You spent 161 gold pieces at shops.

Inventory:

Hand Weapons
 f - a +3 dagger (weapon)
Missiles
 j - 5 boomerangs (quivered)
 l - 2 poisoned darts
Armour
 b - a +0 robe (worn)
 c - a +0 helmet (worn)
 e - a +0 pair of boots (worn)
 p - a +0 pair of gloves (worn)
Scrolls
 i - a scroll of poison {unknown}
 k - a scroll of silence {unknown}
 m - 4 scrolls of identify {unknown}
 n - a scroll of enchant armour {unknown}
 o - 3 scrolls of vulnerability {unknown}
 q - a scroll of enchant weapon {unknown}
 r - a scroll of teleportation {unknown}
 s - a scroll of noise {unknown}
Potions
 d - a potion of lignification
 g - a potion of ambrosia {unknown}
 h - 2 potions of curing
 u - a potion of berserk rage {unknown}


   Skills:
 + Level 5.1 Fighting
 + Level 7.0 Short Blades
 + Level 0.3 Throwing
 + Level 6.7 Dodging
 + Level 10.5 Stealth
 + Level 5.9 Spellcasting
 + Level 6.4 Hexes
 + Level 4.8 Ice Magic


You had 7 spell levels left.
You knew the following spells:

 Your Spells              Type           Power      Damage    Failure   Level
a - Ensorcelled Hibernat  Hex/Ice        76%        N/A       1%          2
b - Tukima's Dance        Hex            42%        N/A       2%          3
c - Confusing Touch       Hex            42%        N/A       2%          3
d - Dazzling Flash        Conj/Hex       50%        N/A       10%         3

Your spell library contained the following spells:

 Spells                   Type           Power      Damage    Failure   Level
 Slow                     Hex            100%       N/A       1%          1
 Summon Guardian Golem    Hex/Summ       25%        N/A       10%         3
 Vampiric Draining        Necr           8%         2d6       36%         3
 Orb of Destruction       Conj           4%         9d5       100%        7
 Spellforged Servitor     Conj/Summ      4%         N/A       100%        7


Dungeon Overview and Level Annotations

Branches:
Dungeon (4/15)              Sewer (visited)
 Temple: D:4-7

Altars:
Fedhas
Gozag
Makhleb
The Shining One

Shops:
D:1 !   D:4 *

Annotations:
D:4 Dowan, Duvessa


Innate Abilities, Weirdness & Mutations

You are small and have problems with some larger weapons.
You are completely attuned to the shadows.


Message History

Aiming: Tukima's Dance (dangerous; 8% risk of failure)
Press: ? - help, Shift-Dir - straight line, f/p - Duvessa
Aim: Duvessa, wielding a +1 short sword of flaming and wearing a +0 chain mail of poison resistance (chance to affect: 33%)
You miscast Tukima's Dance.
You are very lightly contaminated with residual magic.
Nothing appears to happen.
Duvessa hits you with a +1 short sword of flaming!
Duvessa burns you.
Casting: Tukima's Dance (dangerous; 8% risk of failure)
Confirm with . or Enter, or press ? or * to list all spells.
Aiming: Tukima's Dance (dangerous; 8% risk of failure)
Press: ? - help, Shift-Dir - straight line, f/p - Duvessa
Aim: Duvessa, wielding a +1 short sword of flaming and wearing a +0 chain mail of poison resistance (chance to affect: 33%) Duvessa easily resists.
Duvessa hits you with a +1 short sword of flaming.
Duvessa burns you.
You feel clever all of a sudden. Duvessa misses you.
Dowan points at Duvessa and mumbles some strange words.
Duvessa seems to speed up.
Casting: Tukima's Dance (dangerous; 8% risk of failure)
Confirm with . or Enter, or press ? or * to list all spells.
You don't have enough magic to cast this spell.
It was a potion of experience.
You feel more experienced!
Your Fighting skill gained 4 levels and is now at level 5!
Your Short Blades skill gained 5 levels and is now at level 7!
Your Dodging skill gained 3 levels and is now at level 6!
Your Stealth skill gained 2 levels and is now at level 10!
Your Spellcasting skill gained 2 levels and is now at level 5!
Your Hexes skill gained 2 levels and is now at level 6!
Your Ice Magic skill gained 3 levels and is now at level 4!
You have reached level 8!
Duvessa hits you with a +1 short sword of flaming!
Duvessa burns you.
* * * LOW HITPOINT WARNING * * *
Duvessa hits you with a +1 short sword of flaming!
* * * LOW HITPOINT WARNING * * *
Duvessa burns you.
You die...

.........)# ..........#
..........# ..........#
########### ..........#
#.........### .....e.e..#
#.#.........#
####.#..#####.#.........#
#÷##.####..#...~~~...#
#.##.ee@..##..~~~~~..# ..
#.######.[##..~~.~~..# ..
#.# #.# ##.##..~~~~~..# .#
#..###.#######..#...~~~...#
.#
#..........###.#.........#
.######.........#
#....÷÷÷....
.....##.........#
#....†.###
####.###........# #....###
# #............###....#


You could see Duvessa (fast) and Dowan.

Vanquished Creatures
  Pargi (Sewer)
  3 iguanas
  A jelly (D:4)
  4 orc wizards
  8 gnolls
  6 adders
  2 river rats (D:4)
  An ufetubus (D:4)
  A worm (D:3)
  7 orcs
  3 endoplasms
  2 giant cockroaches (D:1)
  6 goblins
  7 hobgoblins
  5 jackals
  3 quokkas
  4 ball pythons
  5 bats
  5 frilled lizards (D:1)
  6 kobolds
  8 rats
88 creatures vanquished.

Vanquished Creatures (others)
  2 dancing weapons
2 creatures vanquished.

Grand Total: 90 creatures vanquished

Notes
Turn   | Place    | Note
-------+----------+-------------------------------------------
     0 | D:1      | lambentLogic the Kobold Enchanter began the quest for the
                  | Orb.
     0 | D:1      | Reached XP level 1. HP: 10/10 MP: 3/3
   246 | D:1      | Reached XP level 2. HP: 15/15 MP: 5/5
   249 | D:1      | Learned a level 2 spell: Ensorcelled Hibernation
   605 | D:1      | Found Baizosil's Distillery.
  1012 | D:1      | Reached XP level 3. HP: 19/19 MP: 6/6
  1016 | D:1      | Learned a level 3 spell: Tukima's Dance
  1211 | D:2      | Reached skill level 5 in Stealth
  1253 | D:1      | Bought a potion of curing for 36 gold pieces
  1430 | D:2      | Reached XP level 4. HP: 23/24 MP: 1/7
  1542 | D:2      | Reached skill level 6 in Stealth
  1667 | D:2      | Reached XP level 5. HP: 28/28 MP: 0/8
  1771 | D:2      | Learned a level 3 spell: Confusing Touch
  1842 | D:1      | Bought a potion of heal wounds for 60 gold pieces
  2725 | D:3      | HP: 1/28 [something (3)]
  2734 | D:3      | Reached skill level 7 in Stealth
  2920 | D:3      | Reached XP level 6. HP: 32/32 MP: 10/10
  3031 | D:1      | Bought a potion of lignification for 36 gold pieces
  3243 | D:3      | Found a blossoming altar of Fedhas.
  3244 | D:3      | Found an opulent altar of Gozag.
  3272 | D:3      | Found a burning altar of Makhleb.
  3604 | D:4      | Found a glowing golden altar of the Shining One.
  3627 | D:4      | Found Qujopaodgh's Assorted Antiques.
  3633 | D:4      | Bought a scroll labelled DASTISHREHYTZ for 29 gold pieces
  3812 | D:4      | Reached skill level 1 in Ice Magic
  3932 | D:4      | Noticed Duvessa
  3967 | D:4      | Reached XP level 7. HP: 37/37 MP: 7/11
  3987 | D:4      | Found a glowing drain.
  3995 | Sewer    | Entered a sewer
  4000 | Sewer    | Learned a level 3 spell: Dazzling Flash
  4155 | Sewer    | Noticed Pargi
  4171 | Sewer    | Killed Pargi
  4172 | Sewer    | Reached skill level 1 in Fighting
  4172 | Sewer    | Reached skill level 8 in Stealth
  4351 | D:4      | Noticed Dowan
  4369 | D:4      | Reached skill level 5 in Fighting
  4369 | D:4      | Reached skill level 10 in Stealth
  4369 | D:4      | Reached skill level 5 in Spellcasting
  4369 | D:4      | Reached XP level 8. HP: 28/49 MP: 0/16
  4369 | D:4      | Slain by Duvessa

Illustrated notes

Levels and vault maps discovered:
D:1:      dpeg_arrival_rhombi, layout_basic, serial_shops, shop,
          serial_co_window_serial, co_window_corner_a, co_window_corner_a,
          co_window_paths_a, co_window_corner_a, co_window_of_opportunity_a,
          co_window_2corner, co_window_broadway_b, co_window_paths_c,
          co_window_paths_d, glass_columns_c, glass_columns_a, glass_columns_a,
          glass_columns_a, glass_columns_c, minivault_5
D:2:      layout_basic
D:3:      minmay_wonky_spiral, layout_basic, gammafunk_temple_overflow_forgotten
D:4:      layout_rooms, tso_metal_star, lemuel_zombie_altar_yredelemnul,
          serial_shops, shop, portal_sewer_entry_a, uniq_duvessa

Skill      XL: |  1  2  3  4  5  6  7 |
---------------+----------------------+-----
Stealth        | 5 6 7 10 | 10.5
Short Blades   | 2 7 |  7.0
Hexes          | 4 6 |  6.4
Spellcasting   | 3 5 |  5.9
Ice Magic      | 1 4 |  4.8
Dodging        | 3 6 |  6.7
Fighting       | 5 |  5.1
Throwing       | |  0.3

Action                     |  1- 3 |  4- 6 |  7- 9 || total
---------------------------+-------+-------+-------++-------
  Melee: Dagger            |    44 |   131 |    34 ||   209
  Throw: Throwing net      |     2 |     3 |       ||     5
         Boomerang         |       |    10 |       ||    10
         Dart              |       |     2 |       ||     2
   Cast: Ensorcelled Hiber |     6 |    34 |    10 ||    50
         Tukima's Dance    |     2 |     5 |     3 ||    10
         Confusing Touch   |       |     3 |       ||     3
    Use: Potion            |       |     8 |     2 ||    10
   Stab: Sleeping          |    18 |    33 |    13 ||    64
         Held in net/web   |     1 |       |       ||     1
         Distracted        |       |     2 |       ||     2
 Armour: Robe              |     4 |    25 |    12 ||    41
  Dodge: Dodged            |    22 |    83 |    38 ||   143

Table legend: (Time is in decaauts)
 A = Elapsed time spent in this place.
 B = Non-inter-level travel time spent in this place.
 C = Inter-level travel time spent in this place.
 D = Time resting spent in this place.
 E = Time spent auto-exploring this place.
 F = Levels seen in this place.
 G = Mean time per level.
                   A        B        C        D        E       F      G
               +--------+--------+--------+--------+--------+-----+--------+
         Total |   4356 |   4006 |    350 |      0 |   2822 |   5 |  871.2 |
       Dungeon |   4036 |   3686 |    350 |      0 |   2643 |   4 | 1009.0 |
         Sewer |    320 |    320 |      0 |      0 |    179 |   1 |  320.0 |
               +--------+--------+--------+--------+--------+-----+--------+

Top non-repeatable levels by time:
     D:1: 1242 daAuts
     D:2: 1209 daAuts
     D:3: 977 daAuts
     D:4: 607 daAuts
   Sewer: 320 daAuts
